 Dungeon Crawl Stone Soup version 0.31-a0-175-g9f7f995f2b (webtiles) character file.

Game seed: 10540289348260237894

66 Anon1729 the Trooper (level 3, -4/33 HPs)
             Began as a Minotaur Monk on June 16, 2023.
             Slain by Terence
             ... wielding a +0 mace
              (7 damage)
             ... on level 2 of the Dungeon.
             The game lasted 00:00:51 (1329 turns).

Anon1729 the Trooper (Minotaur Monk)                Turns: 1329, Time: 00:00:52

Health: -4/33      AC:  2    Str: 15    XL:     3   Next: 96%
Magic:  3/3        EV: 13    Int:  7    God:
Gold:   104        SH:  0    Dex: 14    Spells: 2/2 levels left

rFire   x . .        a - +0 short sword
rCold   . . .        d - orb {light}
rNeg    . . .        b - +0 robe
rPois   .            (helmet restricted)
rElec   .            (no cloak)
rCorr   .            (no gloves)
SInv    .            (no boots)
Will    .....        (no amulet)
Stlth   +            (no ring)
HPRegen 0.25/turn    (no ring)
MPRegen 0.08/turn

%: no passive effects
@: brilliant, glowing
A: horns 2, retaliatory headbutt, heat vulnerability 1
a: no special abilities


You were on level 2 of the Dungeon.
You visited 1 branch of the dungeon, and saw 2 of its levels.

You collected 104 gold pieces.

Inventory:

Hand Weapons
 a - a +0 short sword (weapon)
Armour
 b - a +0 robe (worn)
 d - an orb of light (worn)
Scrolls
 i - a scroll of blinking {unknown}
 k - a scroll of silence {unknown}
Potions
 c - a potion of ambrosia
 e - 3 potions of curing
 j - a potion of brilliance


   Skills:
 + Level 4.1 Fighting
 + Level 3.8 Short Blades
 + Level 1.6 Armour
 + Level 3.8 Dodging
 + Level 1.4 Invocations


You had 2 spell levels left.
You didn't know any spells.
Your spell library was empty.

Dungeon Overview and Level Annotations

Branches:
Dungeon (2/15)

Altars:

Annotations:
D:2 Terence


Innate Abilities, Weirdness & Mutations

You have a pair of horns on your head.
You reflexively headbutt those who attack you in melee.
You are vulnerable to heat. (rF-)


Message History

Terence drinks a potion.
Terence is healed!
You hit Terence but do no damage. Terence hits you but does no damage.
You hit Terence but do no damage. Terence hits you but does no damage.
You hit Terence but do no damage. You hit Terence but do no damage.
Terence hits you with a +0 mace.
You hit Terence but do no damage.
Your transformation is almost over.
Terence hits you but does no damage.
You hit Terence but do no damage. Terence hits you but does no damage.
You hit Terence but do no damage. Terence hits you but does no damage.
You hit Terence but do no damage. Terence hits you but does no damage.
You hit Terence but do no damage. You hit Terence but do no damage.
Terence asks, "Do you want it fast or slow?"
Terence hits you with a +0 mace.
* * * LOW HITPOINT WARNING * * *
It was a potion of mutation.
You feel extremely strange.
You feel vulnerable to heat. Terence hits you but does no damage.
Okay, then.
Okay, then.
You hit Terence but do no damage. Terence hits you but does no damage.
You hit Terence but do no damage. Terence hits you with a +0 mace.
* * * LOW HITPOINT WARNING * * *
You barely miss Terence. Terence hits you but does no damage.
You hit Terence but do no damage. Terence hits you with a +0 mace.
* * * LOW HITPOINT WARNING * * *
You hit Terence but do no damage.
You feel less wooden.
Your +0 robe unmelds from your body.
You hit Terence but do no damage. Terence closely misses you.
You hit Terence but do no damage. Terence hits you with a +0 mace.
* * * LOW HITPOINT WARNING * * *
Okay, then.
As you read the scroll labelled AVVAR KYGGIOM, it crumbles to dust.
You feel aware of your surroundings.
It was a scroll of revelation.
Terence hits you with a +0 mace.
* * * LOW HITPOINT WARNING * * *
Terence attacks as you move away! Terence hits you with a +0 mace!
You die...

.+.........'.............,,,,,,,,
##.........####...##.####***,,,,*
##.......######.##...## *,*,**
##.....##########..)## *,***
##.....###########...#### *,*
#..##'#########.........# *,*
##.###.#########.........# *,*
..........######.........# *,*
###.####........@#....##** *,****
.#...#.#......##@#....## *,,,,,
#.....##..###.........## ******
.......#..######.#######
...#.............#######
.......#.###############
#..(..##.###############
.#...#)#.###############
###.####.#********


You could see Terence.

Vanquished Creatures
  4 adders (D:2)
  A worm (D:2)
  2 dart slugs (D:1)
  2 endoplasms (D:1)
  A giant cockroach (D:1)
  5 goblins
  A hobgoblin (D:2)
  A jackal (D:1)
  3 bats (D:1)
  2 kobolds
  4 rats
26 creatures vanquished.

Notes
Turn   | Place    | Note
-------+----------+-------------------------------------------
     0 | D:1      | Anon1729 the Minotaur Monk began the quest for the Orb.
     0 | D:1      | Reached XP level 1. HP: 19/19 MP: 0/0
   395 | D:1      | Reached XP level 2. HP: 27/27 MP: 1/1
   687 | D:1      | Reached skill level 1 in Armour
   983 | D:2      | Reached skill level 1 in Invocations
   983 | D:2      | Reached XP level 3. HP: 33/33 MP: 2/2
   986 | D:2      | Reached skill level 4 in Fighting
  1262 | D:2      | Noticed Terence
  1320 | D:2      | Gained mutation: You are vulnerable to heat. (rF-) [potion
                  | of mutation]
  1329 | D:2      | Slain by Terence

Illustrated notes

Levels and vault maps discovered:
D:1:      kennysheep_arrival_forest, layout_basic, minmay_indecisive_spiral
D:2:      layout_loops_corners, minmay_nonomino_d4, uniq_terence

Skill      XL: |  1  2  3 |
---------------+----------+-----
Armour         | 1 |  1.6
Invocations    | 1 |  1.4
Fighting       | 4 |  4.1
Short Blades   | |  3.8
Dodging        | |  3.8

Action                     || total
---------------------------++-------
  Melee: Short sword       ||   125
         Headbutt          ||    19
    Use: Potion            ||     5
         Scroll            ||     1
 Armour: Robe              ||    14
         Skin              ||    21
  Dodge: Dodged            ||    44

Table legend: (Time is in decaauts)
 A = Elapsed time spent in this place.
 B = Non-inter-level travel time spent in this place.
 C = Inter-level travel time spent in this place.
 D = Time resting spent in this place.
 E = Time spent auto-exploring this place.
 F = Levels seen in this place.
 G = Mean time per level.
                   A        B        C        D        E       F      G
               +--------+--------+--------+--------+--------+-----+--------+
         Total |   1306 |   1262 |     44 |      0 |   1070 |   2 |  653.0 |
       Dungeon |   1306 |   1262 |     44 |      0 |   1070 |   2 |  653.0 |
               +--------+--------+--------+--------+--------+-----+--------+

Top non-repeatable levels by time:
     D:1: 935 daAuts
     D:2: 370 daAuts
